 Dungeon Crawl Stone Soup version 0.23.2-1-ga50397a6bc (webtiles) character file.

Game seed: 9881771452387051792

30 Darkell the Chiller (level 3, -5/24 HPs)
             Began as a Demonspawn Ice Elementalist on Apr 27, 2019.
             Slain by Sigmund
             ... wielding a +0 scythe
              (9 damage)
             ... on level 2 of the Dungeon.
             The game lasted 00:02:08 (1204 turns).

Darkell the Chiller (Demonspawn Ice Elementalist)   Turns: 1204, Time: 00:02:08

Health: -5/24      AC:  4    Str:  8    XL:     3   Next: 3%
Magic:  1/6        EV: 12    Int: 17    God:
Gold:   115        SH:  0    Dex: 13    Spells: 5/6 levels left

rFire    . . .     SeeInvis .   l - +0 dagger (speed)
rCold    + . .     Gourm    .   (no shield)
rNeg     . . .     Faith    .   a - +0 robe
rPois    .         Spirit   .   (no helmet)
rElec    .         Reflect  .   (no cloak)
rCorr    .         Harm     .   (no gloves)
MR       .....                  k - +1 pair of boots {run}
Stlth    ++........             (no amulet)
HPRegen  0.08/turn              e - ring of protection from cold
MPRegen  0.10/turn              (no ring)

@: flying, quick
A: claws 1, sturdy frame 1
a: no special abilities


You were on level 2 of the Dungeon.
You were not hungry.

You visited 1 branch of the dungeon, and saw 2 of its levels.

You collected 115 gold pieces.

Inventory:

Hand Weapons
 l - a +0 dagger of speed (weapon)
Armour
 a - a +0 robe (worn)
 k - a +1 pair of boots of running (worn)
Jewellery
 e - a ring of protection from cold (left claw)
Scrolls
 b - 3 scrolls of identify {unknown}
 d - a scroll of teleportation {unknown}
 f - a scroll of magic mapping {unknown}
 i - a scroll of remove curse {unknown}
 j - a scroll of blinking {unknown}
Potions
 h - a potion of heal wounds {unknown}
Comestibles
 c - a ration


   Skills:
 - Level 1.7 Dodging
 - Level 1.7 Stealth
 - Level 2.0 Spellcasting
   Level 1.0 Conjurations
 + Level 3.8 Ice Magic


You had 5 spell levels left.
You knew the following spells:

 Your Spells              Type           Power        Failure   Level  Hunger
a - Freeze                Ice            ##..         4%          1    #......

Your spell library contained the following spells:

 Spells                   Type           Power        Failure   Level  Hunger
 Throw Frost              Conj/Ice       #.....       11%         2    ###....
 Ozocubu's Armour         Chrm/Ice       #.......     26%         3    ###....
 Throw Icicle             Conj/Ice       #.......     56%         4    #####..
 Summon Ice Beast         Ice/Summ       #.......     65%         4    #####..


Dungeon Overview and Level Annotations

Branches:
Dungeon (2/15)

Altars:

Annotations:
D:2 Sigmund


Innate Abilities, Weirdness & Mutations

You have sharp fingernails.
Your movements are slightly less encumbered by armour. (ER -2)


Message History

Sigmund hits you with a +0 scythe.
* * * LOW HITPOINT WARNING * * *
You hit Sigmund.
Sigmund is moderately wounded.
You barely miss Sigmund.
Sigmund is moderately wounded.
You barely miss Sigmund.
Sigmund is moderately wounded.
Sigmund closely misses you.
You hit Sigmund but do no damage.
Sigmund is moderately wounded.
You closely miss Sigmund.
Sigmund is moderately wounded.
Sigmund barely misses you.
You hit Sigmund.
Sigmund is heavily wounded.
You hit Sigmund but do no damage.
Sigmund is heavily wounded.
Sigmund hits you with a +0 scythe!
You die...

#........####.......#
#.........###..$....#
#.........#........#
#..................#
#######............#
#............##
#..............
#.#####........ #.#
#@....... ...
##@$..... .....
....... #......
...#### ####.... ...#
..<). ...# ...#######


You could see Sigmund.

Vanquished Creatures
  An adder (D:2)
  A dart slug (D:1)
  A leopard gecko (D:1)
  2 bats (D:1)
  3 hobgoblins
  A ball python (D:1)
  3 frilled lizards
  4 kobolds (D:1)
  5 rats (D:1)
21 creatures vanquished.

Notes
Turn   | Place    | Note
-------+----------+-------------------------------------------
     0 | D:1      | Darkell the Demonspawn Ice Elementalist began the quest for
                  | the Orb.
     0 | D:1      | Reached XP level 1. HP: 13/13 MP: 3/3
    92 | D:1      | Reached skill level 3 in Ice Magic
   407 | D:1      | Gained mutation: You have sharp fingernails. [demonic
                  | ancestry]
   407 | D:1      | Reached XP level 2. HP: 9/19 MP: 0/5
  1162 | D:2      | Identified a +1 pair of boots of running (You found it on
                  | level 2 of the Dungeon)
  1188 | D:2      | Noticed Sigmund
  1193 | D:2      | Gained mutation: Your movements are slightly less
                  | encumbered by armour. (ER -2) [demonic ancestry]
  1193 | D:2      | Reached XP level 3. HP: 24/24 MP: 3/6
  1204 | D:2      | Slain by Sigmund

Skill      XL: |  1 |
---------------+----+-----
Ice Magic      | 3 |  3.8
Dodging        | |  1.7
Stealth        | |  1.7
Spellcasting   | |  2.0
Conjurations   | |  1.0

Action                   || total
-------------------------++-------
Melee: Unarmed           ||    18
       Dagger            ||     8
 Cast: Freeze            ||    32
  Use: Potion            ||     1
  Eat: Chunk             ||     1
Armor: Robe              ||     7
Dodge: Dodged            ||    30
